 Dungeon Crawl Stone Soup version 0.21-a0-273-g0785366 (webtiles) character file.

1713 Lavandula the Grappler (level 9, -2/75 HPs)
             Began as a Ghoul Warper on Sept 16, 2017.
             Shot with an arrow by a centaur (15 damage)
             ... on level 7 of the Dungeon.
             The game lasted 00:16:18 (2287 turns).

Lavandula the Grappler (Ghoul Warper)               Turns: 2287, Time: 00:16:19

Health: -2/75      AC:  4    Str: 16    XL:     9   Next: 4%
Magic:  11/11      EV: 13    Int:  9    God:
Gold:   215        SH:  0    Dex:  9    Spells: 5/12 levels left

rFire    . . .     SeeInvis .     - Unarmed
rCold    + . .     Gourm    .   (no shield)
rNeg     + + +     Faith    .   C - +0 leather armour {MR+}
rPois    ∞         Spirit   .   (no helmet)
rElec    .         Reflect  .   s - +0 cloak
rCorr    .         Harm     .   (no gloves)
MR       +....                  (no boots)
Stlth    +.........             (no amulet)
HPRegen  0.00/turn              (no ring)
MPRegen  0.12/turn              (no ring)

@: very slightly contaminated, rotting
A: rotting body, claws 1, carnivore 3, cold resistance 1, negative energy
resistance 3, inhibited regeneration, torment resistance, unbreathing
a: no special abilities


You were on level 7 of the Dungeon.
You were not hungry.

You visited 1 branch of the dungeon, and saw 7 of its levels.

You collected 215 gold pieces.

Inventory:

Missiles
 d - 5 tomahawks of dispersal (quivered)
 l - 2 throwing nets
 A - 9 tomahawks
Armour
 h - the +1 pair of gloves "Ifideorhui" {rC+}
   (You found it on level 6 of the Dungeon)

   It protects you from cold.
 o - a +1 robe of cold resistance
 s - a +0 cloak (worn)
 C - a +0 leather armour of magic resistance (worn)
Wands
 g - a wand of digging (16/24)
 B - a wand of confusion (34/48)
Scrolls
 k - 2 scrolls of fear {unknown}
 q - 2 scrolls of amnesia
 t - a scroll of remove curse {unknown}
Potions
 a - 2 potions of haste
 e - a potion of invisibility {unknown}
 i - a potion of berserk rage
 j - a potion of brilliance
 n - a potion of flight {unknown}
 p - a potion of mutation {unknown}
 r - a potion of agility {unknown}
 u - 2 potions of curing
 x - a potion of degeneration {unknown}
 z - a potion of magic {unknown}
Books
 b - a book of Spatial Translocations

   Spells                             Type                      Level
   a - Blink                          Translocation                2
   b - Shroud of Golubria             Charms/Translocation         2
   c - Lesser Beckoning               Translocation                3
   d - Gell's Gravitas                Translocation                3
   e - Teleport Other                 Translocation                3
   f - Passage of Golubria            Translocation                4
 w - a book of Air

   Spells                             Type                      Level
   a - Shock                          Conjuration/Air              1
   b - Swiftness                      Charms/Air                   2
   c - Static Discharge               Conjuration/Air              3
   d - Airstrike                      Air                          4
   e - Lightning Bolt                 Conjuration/Air              5
 y - a book of Minor Magic

   Spells                             Type                      Level
   a - Magic Dart                     Conjuration                  1
   b - Blink                          Translocation                2
   c - Call Imp                       Summoning                    2
   d - Slow                           Hexes                        2
   e - Conjure Flame                  Conjuration/Fire             3
   f - Mephitic Cloud                 Conjuration/Poison/Air       3
Comestibles
 f - 6 meat rations
 v - 2 royal jellies


   Skills:
 - Level 6.0 Fighting
 - Level 0.8 Throwing
 - Level 0.8 Armour
 - Level 5.0 Dodging
 - Level 9.0 Unarmed Combat
 - Level 2.4 Spellcasting
 + Level 1.2 Conjurations
 - Level 2.6 Translocations


You had 5 spell levels left.
You knew the following spells:

 Your Spells              Type           Power        Failure   Level  Hunger
a - Blink                 Tloc           N/A          21%         2    ###....
b - Shroud of Golubria    Chrm/Tloc      #.........   34%         2    ###....
c - Mephitic Cloud        Conj/Pois/Air  #.......     69%         3    ####...


Dungeon Overview and Level Annotations

Branches:
Dungeon (7/15)
 Temple: D:4-7

Altars:
Ashenzari
Dithmenos
Makhleb
The Shining One


Innate Abilities, Weirdness & Mutations

Your body is rotting away.
You thrive on raw meat.
You are immune to poison.
You have sharp fingernails.
You are carnivorous and can eat meat at any time.
Your flesh is cold resistant. (rC+)
You are immune to negative energy. (rN+++)
You do not regenerate when monsters are visible.
You are immune to unholy pain and torment.
You can survive without breathing.


Message History

Okay, then.
Evoke which item? (* to show all) (? for menu, Esc to quit)
Okay, then.
Okay, then.
Evoke which item? (* to show all) (? for menu, Esc to quit)
Okay, then.
Okay, then.
Sorry, you're not good enough to have a special ability.
Unknown command.
As you read the scroll of teleportation, it crumbles to dust.
You feel strangely unstable.
Your surroundings suddenly seem different.
A centaur comes into view.
The centaur shouts!
The centaur wields a shortbow.
The centaur shoots an arrow.
The arrow completely misses you.
The centaur shoots an arrow.
The arrow closely misses you.
You see here an arrow.
The centaur shoots an arrow.
The arrow hits you!
You die...

#.# ##.......##
....# ##.....##
#.### ##...##
#. ##+## #.
##.##
##...########.#
#.....(....c...
##..@######....
##.## . ##


You could see a centaur.

Vanquished Creatures
  The ghost of runt the Shooter, a novice DrHu (D:6)
  Eustachio (D:6)
  2 ice beasts (D:6)
  A phantom (D:6)
  3 bullfrogs
  3 scorpions (D:6)
  A howler monkey (D:4)
  A crimson imp (D:6)
  3 hounds
  A jelly (D:5)
  3 orc priests
  Crazy Yiuf (D:3)
  2 orc wizards (D:3)
  Jessica (D:3)
  An iguana (D:5)
  Ijyb (D:4)
  Terence (D:3)
  A worker ant (D:6)
  3 gnolls (D:2)
  6 adders
  2 shadow imps (D:6)
  An ooze (D:3)
  An adder skeleton (D:5)
  2 worms
  2 dart slugs
  6 leopard geckos
  9 orcs
  3 ball pythons
  2 goblins
  7 hobgoblins
  3 jackals
  2 kobolds
  2 bats
  6 rats
85 creatures vanquished.

Notes
Turn   | Place    | Note
-------+----------+-------------------------------------------
     0 | D:1      | Lavandula the Ghoul Warper began the quest for the Orb.
     0 | D:1      | Reached XP level 1. HP: 17/17 MP: 2/2
    91 | D:2      | Reached XP level 2. HP: 21/24 MP: 3/3
   116 | D:2      | Reached skill level 3 in Unarmed Combat
   153 | D:2      | Reached XP level 3. HP: 15/29 MP: 4/4
   162 | D:2      | Learned a level 2 spell: Blink
   178 | D:2      | Reached skill level 4 in Unarmed Combat
   194 | D:2      | Learned a level 2 spell: Shroud of Golubria
   271 | D:3      | Noticed Jessica
   277 | D:3      | Reached XP level 4. HP: 36/36 MP: 2/5
   329 | D:3      | Killed Jessica
   329 | D:3      | Reached skill level 5 in Unarmed Combat
   468 | D:3      | Noticed Terence
   503 | D:3      | Killed Terence
   503 | D:3      | Reached XP level 5. HP: 38/41 MP: 3/6
   508 | D:3      | Reached skill level 6 in Unarmed Combat
   543 | D:3      | Found a runed door.
   549 | D:3      | Noticed Crazy Yiuf
   557 | D:3      | Killed Crazy Yiuf
   589 | D:3      | Found a shattered altar of Ashenzari.
   591 | D:3      | Reached XP level 6. HP: 47/48 MP: 5/7
   709 | D:3      | Found a faded altar of an unknown god.
   812 | D:3      | Reached skill level 7 in Unarmed Combat
  1186 | D:4      | Noticed Ijyb
  1198 | D:4      | Killed Ijyb
  1198 | D:4      | Reached XP level 7. HP: 55/55 MP: 4/8
  1234 | D:4      | Reached skill level 8 in Unarmed Combat
  1303 | D:4      | Found a faded altar of an unknown god.
  1303 | D:4      | Found a burning altar of Makhleb.
  1309 | D:4      | Found a faded altar of an unknown god.
  1311 | D:4      | Found a shadowy altar of Dithmenos.
  1312 | D:4      | Found a glowing golden altar of the Shining One.
  1340 | D:5      | Entered Level 5 of the Dungeon
  1541 | D:6      | Reached skill level 9 in Unarmed Combat
  1615 | D:6      | Noticed Eustachio
  1646 | D:6      | Killed Eustachio
  1711 | D:6      | Reached XP level 8. HP: 17/67 MP: 9/9
  1844 | D:6      | Noticed runt's ghost (novice DrHu)
  1863 | D:6      | Got a pair of crude gloves
  1869 | D:6      | Identified the +1 pair of gloves "Ifideorhui" {rC+} (You found it on level 6 of the Dungeon)
  1982 | D:6      | Killed runt's ghost
  1982 | D:6      | Reached skill level 5 in Dodging
  2041 | D:6      | Reached skill level 5 in Fighting
  2151 | D:7      | Learned a level 3 spell: Mephitic Cloud
  2194 | D:7      | Reached XP level 9. HP: 57/75 MP: 7/11
  2227 | D:7      | Reached skill level 1 in Conjurations
  2287 | D:7      | Shot with an arrow by a centaur

Vault maps used:
D:1:      matt_arrival_grand_opening, minmay_misc_feat_diagonals,
          corexii_hall_statues_l
D:2:      fountainhead, uniq_sigmund
D:3:      cheibrodos_ashenzari_chains, chequers_ecumenical_altar_grove,
          minmay_cut_off, uniq_crazy_yiuf_cottage, uniq_terence, uniq_jessica
D:4:      chequers_temple_overflow_minitemple, uniq_ijyb
D:5:      minitemple, temple_doors_ab, first_bread
D:6:      bh_chokoban, uniq_eustachio
D:7:      old_standard_altar, enter_bailey_2, the_bakery

Skill      XL: |  1  2  3  4  5  6  7  8  9 |
---------------+----------------------------+-----
Unarmed Combat | 3 4 5 6 7 9 |  9.0
Fighting       | 4 6 |  6.0
Dodging        | 5 |  5.0
Spellcasting   | 2 |  2.4
Conjurations   | 1 |  1.2
Throwing       | |  0.8
Armour         | |  0.8
Translocations | |  2.6

Action                   |  1- 3 |  4- 6 |  7- 9 || total
-------------------------+-------+-------+-------++-------
Melee: Unarmed           |    66 |   141 |   171 ||   378
       Punch             |       |     5 |     4 ||     9
 Cast: Shroud of Golubri |       |     7 |    11 ||    18
       Blink             |       |       |     1 ||     1
  Use: Scroll            |       |       |     7 ||     7
       Potion            |       |       |     3 ||     3
  Eat: Chunk             |    13 |    22 |    12 ||    47
Armor: Scale mail        |     3 |       |       ||     3
       Leather armour    |     7 |     6 |    22 ||    35
       Robe              |       |    26 |       ||    26
Dodge: Dodged            |    28 |    83 |    61 ||   172

Table legend:
 A = Spawn XP
 B = Non-spawn XP
 C = Spawn XP percentage of total XP
 D = Spawn monster count
 E = Non-spawn monster count
 F = Spawn count percentage of total count
 G = Total turns spent on level
                    A         B        C        D         E        F      G
               +---------+---------+-------+---------+---------+-------+---------
         Total |       0 |    2448 |   0.0 |       0 |      85 |   0.0 |  2287
               +---------+---------+-------+---------+---------+-------+---------
           D:1 |       0 |       3 |   0.0 |       0 |       2 |   0.0 |    70
           D:2 |       0 |      96 |   0.0 |       0 |      18 |   0.0 |   229
           D:3 |       0 |     369 |   0.0 |       0 |      28 |   0.0 |   686
           D:4 |       0 |     265 |   0.0 |       0 |      14 |   0.0 |   355
           D:5 |       0 |     172 |   0.0 |       0 |       7 |   0.0 |   189
           D:6 |       0 |    1341 |   0.0 |       0 |      13 |   0.0 |   616
           D:7 |       0 |     202 |   0.0 |       0 |       3 |   0.0 |   142
               +---------+---------+-------+---------+---------+-------+---------
